 Dungeon Crawl Stone Soup version 0.19-a0-994-g3c636f0 (webtiles) character file.

44 mistymad the Poker (level 3, -3/28 HPs)
             Began as a Merfolk Skald on July 15, 2016.
             Slain by Sigmund
             ... wielding a +0 scythe
              (7 damage)
             ... on level 2 of the Dungeon.
             The game lasted 00:03:18 (1548 turns).

mistymad the Poker (Merfolk Skald)                  Turns: 1548, Time: 00:03:19

Health: -3/28      AC:  4    Str: 13    XL:     3   Next: 60%
Magic:  6/6        EV: 12    Int: 11    God:
Gold:   106        SH:  0    Dex: 13    Spells: 3 memorised, 1 level left

rFire  . . .     SeeInvis .     a - +0 spear
rCold  . . .     Gourm    .     b - +0 leather armour
rNeg   . . .     Faith    .     (no shield)
rPois  .         Spirit   .     (no helmet)
rElec  .         Dismiss  .     g - +0 cloak
rCorr  .         Reflect  .     (no gloves)
SustAt .         Harm     .     (no boots)
MR     .....                    (no amulet)
Stlth  +.........               (no ring)
                                (no ring)

@: not resistant to hostile enchantments, very unstealthy
A: change form in water, swift swim
a: no special abilities


You were on level 2 of the Dungeon.
You were not hungry.

You visited 1 branch of the dungeon, and saw 2 of its levels.

You collected 106 gold pieces.

Inventory:

Hand Weapons
 a - a +0 spear (weapon)
Armour
 b - a +0 leather armour (worn)
 g - a +0 cloak (worn)
Scrolls
 e - 5 scrolls of identify {unknown}
 k - a scroll of blinking {unknown}
Potions
 h - a potion of might {unknown}
 j - a potion of magic {unknown}
 l - a potion of beneficial mutation {unknown}
Books
 c - a book of Battle

   Spells                             Type                      Level
   a - Infusion                       Charms                       1
   b - Shroud of Golubria             Charms/Translocation         2
   c - Song of Slaying                Charms                       2
   d - Spectral Weapon                Hexes/Charms                 3
   e - Regeneration                   Charms/Necromancy            3
Comestibles
 d - 2 bread rations
 f - a beef jerky
 i - 2 slices of pizza
 m - a chunk of flesh


   Skills:
 + Level 2.5 Fighting
 + Level 4.0 Polearms
 - Level 0.6 Armour
 + Level 2.8 Dodging
 + Level 2.2 Spellcasting
 + Level 3.4 Charms


You had one spell level left.
You knew the following spells:

 Your Spells              Type           Power        Failure   Level  Hunger
a - Infusion              Chrm           #...         12%         1    ##.....
b - Song of Slaying       Chrm           #.......     17%         2    ###....
c - Shroud of Golubria    Chrm/Tloc      #.........   30%         2    ###....


Dungeon Overview and Level Annotations

Branches:
Dungeon (2/15)

Altars:

Annotations:
D:2 Sigmund


Message History

You hit Sigmund.
Sigmund is moderately wounded.
Sigmund barely misses you.
The kobold throws a stone.
The stone barely misses you. The giant gecko misses you.
You hit Sigmund but do no damage.
Sigmund is moderately wounded.
The giant gecko bites you.
* * * LOW HITPOINT WARNING * * *
Sigmund closely misses you.
You take 2 damage, and have 6/28 hp.
You hit Sigmund.
Sigmund is heavily wounded.
The giant gecko bites you.
* * * LOW HITPOINT WARNING * * *
The kobold throws a stone.
The stone barely misses you.
You take 2 damage, and have 4/28 hp.
You hit Sigmund.
Sigmund is severely wounded.
The giant gecko misses you. Sigmund hits you with a scythe!
You die...

........#
........##
.........##
..........#
#.........# #
..........#.###
#.....@l....>..
.....K.@.(#
......^.(......
...............
..........###..
..........# .
..........#
.........##
.##.....##


You could see Sigmund, a giant gecko and a kobold.

Vanquished Creatures
  An ooze (D:1)
  2 dart slugs (D:1)
  A giant gecko (D:1)
  4 bats (D:1)
  3 giant cockroaches (D:1)
  2 goblins (D:1)
  6 hobgoblins (D:1)
  2 jackals (D:1)
  4 kobolds (D:1)
  2 giant newts (D:1)
  4 rats (D:1)
  A fungus (D:1)
32 creatures vanquished.

Notes
Turn   | Place    | Note
-------+----------+-------------------------------------------
     0 | D:1      | mistymad the Merfolk Skald began the quest for the Orb.
     0 | D:1      | Reached XP level 1. HP: 16/16 MP: 3/3
    38 | D:1      | Reached XP level 2. HP: 7/23 MP: 5/5
   648 | D:1      | Learned a level 2 spell: Song of Slaying
   651 | D:1      | Learned a level 2 spell: Shroud of Golubria
   710 | D:1      | Reached XP level 3. HP: 13/28 MP: 6/6
  1489 | D:1      | Reached skill level 4 in Polearms
  1533 | D:2      | Noticed Sigmund
  1548 | D:2      | Slain by Sigmund

Vault maps used:
D:1:      minmay_arrival_checkered_box, minmay_gold_behind_fungi
D:2:      wad_lake_hut, fiery_altar_vehumet, uniq_sigmund

Skill      XL: |  1  2  3 |
---------------+----------+-----
Dodging        | 2 |  2.8
Polearms       | 4 |  4.0
Fighting       | |  2.5
Armour         | |  0.6
Spellcasting   | |  2.2
Charms         | |  3.4

Action                   || total
-------------------------++-------
Melee: Spear             ||   190
 Cast: Infusion          ||     1
 Stab: Sleeping          ||     1
  Eat: Chunk             ||     2
Armor: Leather armour    ||    34
Dodge: Dodged            ||    79
